 Dungeon Crawl Stone Soup version 0.28.0-43-g3370ac3207 (webtiles) character file.

Game seed: 10371882444243144153

198 Ablot the Grasshopper (level 5, -3/43 HPs)
             Began as a Gnoll Warper on Mar 16, 2022.
             Slain by a hound (5 damage)
             ... on level 3 of the Dungeon.
             The game lasted 00:05:01 (4242 turns).

Ablot the Grasshopper (Gnoll Warper)                Turns: 4242, Time: 00:05:02

Health: -3/43      AC:  4    Str: 12    XL:     5   Next: 76%
Magic:  7/12       EV: 13    Int: 13    God:
Gold:   172        SH:  0    Dex: 11    Spells: 12/14 levels left

rFire   . . .      SeeInvis .   a - +0 spear
rCold   . . .      Faith    .   (no shield)
rNeg    . . .      Spirit   .   b - +0 leather armour
rPois   .          Reflect  .   (no helmet)
rElec   .          Harm     .   (no cloak)
rCorr   .          Rampage  .   r - +0 pair of gloves
Will    .....                   (no boots)
Stlth   +.........              (no amulet)
HPRegen 0.14/turn               (no ring)
MPRegen 0.13/turn               (no ring)

@: on blink cooldown
A: fangs 1, strong nose, distributed training
a: no special abilities


You were on level 3 of the Dungeon.
You visited 1 branch of the dungeon, and saw 4 of its levels.

You collected 172 gold pieces.

Inventory:

Hand Weapons
 a - a +0 spear (weapon)
Missiles
 d - 5 boomerangs of dispersal
 e - 129 stones
 m - 7 poisoned darts (quivered)
 n - 63 bolts
 o - 55 sling bullets
 q - 6 atropa-tipped darts
 w - 2 boomerangs
Armour
 b - a +0 leather armour (worn)
 r - a +0 pair of gloves (worn)
Wands
 u - a wand of flame (16)
Scrolls
 c - a scroll of blinking
 f - a scroll of magic mapping {unknown}
 j - 2 scrolls of immolation {unknown}
 k - 2 scrolls of identify {unknown}
 l - a scroll of torment {unknown}
 p - 2 scrolls of teleportation {unknown}
 t - a scroll of noise {unknown}
Potions
 g - a potion of lignification {unknown}
 h - a potion of ambrosia {unknown}
 i - 2 potions of curing {unknown}
 s - a potion of invisibility {unknown}
 v - a potion of haste {unknown}


   Skills:
 + Level 4.8 Fighting
 + Level 1.6 Short Blades
 + Level 1.6 Long Blades
 + Level 1.6 Axes
 + Level 1.6 Maces & Flails
 + Level 4.8 Polearms
 + Level 1.6 Staves
 + Level 1.6 Slings
 + Level 1.6 Bows
 + Level 1.6 Crossbows
 + Level 3.0 Throwing
 + Level 3.0 Armour
 + Level 4.8 Dodging
 + Level 1.6 Stealth
 + Level 1.6 Shields
 + Level 1.6 Unarmed Combat
 + Level 5.2 Spellcasting
 + Level 1.3 Conjurations
 + Level 1.3 Hexes
 + Level 1.3 Summonings
 + Level 1.3 Necromancy
 + Level 5.6 Translocations
 + Level 1.3 Transmutations
 + Level 1.3 Fire Magic
 + Level 1.3 Ice Magic
 + Level 1.3 Air Magic
 + Level 1.3 Earth Magic
 + Level 1.3 Poison Magic
 + Level 1.8 Invocations
 + Level 1.6 Evocations


You had 12 spell levels left.
You knew the following spells:

 Your Spells              Type           Power      Damage    Failure   Level
a - Blink                 Tloc           34%        N/A       3%          2

Your spell library contained the following spells:

 Spells                   Type           Power      Damage    Failure   Level
 Gell's Gravitas          Tloc           17%        N/A       7%          3
 Lesser Beckoning         Tloc           17%        N/A       7%          3
 Teleport Other           Tloc           17%        N/A       7%          3
 Ozocubu's Armour         Ice            6%         N/A       38%         3
 Manifold Assault         Tloc           17%        N/A       54%         5
 Metabolic Englaciation   Hex/Ice        3%         N/A       98%         5
 Simulacrum               Ice/Necr       3%         N/A       100%        6


Dungeon Overview and Level Annotations

Branches:
Dungeon (4/15)
 Temple: D:4-7

Altars:


Innate Abilities, Weirdness & Mutations

You have very sharp teeth.
Your uncanny sense of smell can sniff out nearby items.
Your experience applies equally to all skills.


Message History

You throw a poisoned dart.
The poisoned dart closely misses the hound.
Unknown command.
Throw: 9 darts (poison)
Press: ? - help, Q - select action, (/) - cycle Shift-Dir - straight line, f/p - hound
Aim: a hound (severely wounded, 48% to hit)
You throw a poisoned dart.
The poisoned dart barely misses the hound.
Unknown command.
You barely miss the hound.
The hound is severely wounded.
The hound closely misses you.
You barely miss the hound.
The hound is severely wounded.
The hound bites you.
* * * LOW HITPOINT WARNING * * *
You completely miss the hound.
The hound is severely wounded.
You feel stable enough to blink again. The hound bites you.
* * * LOW HITPOINT WARNING * * *
The hound misses you.
Unknown command.
Casting: Blink (safe; 3% risk of failure)
Confirm with . or Enter, or press ? or * to list all spells.
You blink.
Throw: 8 darts (poison)
Press: ? - help, Q - select action, (/) - cycle Shift-Dir - straight line, f/p - hound
Aim: a hound (severely wounded, 48% to hit)
Okay, then.
Throw: 8 darts (poison)
Press: ? - help, Q - select action, (/) - cycle Shift-Dir - straight line, f/p - hound
Aim: a hound (severely wounded, 48% to hit)
You throw a poisoned dart.
The poisoned dart closely misses the hound.
The hound barely misses you.
You closely miss the hound.
The hound is severely wounded.
The hound bites you.
You die...

##### ##...# #########...†###
##......##....†††
##.......##.....#†
#......###.##..##.
#......#...######. ####
#......##..# #. ...# ######
#@h.....#### ##. ...# #....#
#....§.....## #..
...####....######..........####.#
................................#
....###....##..........(..#.....#
###..##...)##..#..........##....#
##.##....###............#......
#..#....##.(..................
##..########(.>.............#.


You could see a hound.

Vanquished Creatures
  A bullfrog skeleton (D:4)
  Terence (D:3)
  A howler monkey skeleton (D:4)
  4 adders
  2 worms (D:2)
  A dart slug (D:3)
  6 orcs
  9 ball pythons
  9 endoplasms
  3 giant cockroaches
  4 goblins
  2 hobgoblins (D:1)
  3 jackals (D:1)
  12 kobolds
  4 quokkas
  A bat (D:3)
  4 frilled lizards
  25 rats
92 creatures vanquished.

Notes
Turn   | Place    | Note
-------+----------+-------------------------------------------
     0 | D:1      | Ablot the Gnoll Warper began the quest for the Orb.
     0 | D:1      | Reached XP level 1. HP: 20/20 MP: 6/6
   178 | D:1      | Reached XP level 2. HP: 25/26 MP: 7/7
   181 | D:1      | Learned a level 2 spell: Blink
   547 | D:1      | Reached XP level 3. HP: 31/31 MP: 9/9
   597 | D:1      | Reached skill level 5 in Spellcasting
  1074 | D:2      | Found a faded altar of an unknown god.
  1107 | D:2      | Reached skill level 1 in Invocations
  1375 | D:2      | Reached skill level 1 in Short Blades
  1375 | D:2      | Reached skill level 1 in Long Blades
  1375 | D:2      | Reached skill level 1 in Axes
  1375 | D:2      | Reached skill level 1 in Maces & Flails
  1375 | D:2      | Reached skill level 1 in Staves
  1375 | D:2      | Reached skill level 1 in Slings
  1375 | D:2      | Reached skill level 1 in Bows
  1375 | D:2      | Reached skill level 1 in Crossbows
  1375 | D:2      | Reached skill level 1 in Stealth
  1375 | D:2      | Reached skill level 1 in Shields
  1375 | D:2      | Reached skill level 1 in Unarmed Combat
  1375 | D:2      | Reached skill level 1 in Evocations
  1375 | D:2      | Reached XP level 4. HP: 26/38 MP: 9/11
  2974 | D:3      | Reached skill level 1 in Conjurations
  2974 | D:3      | Reached skill level 1 in Hexes
  2974 | D:3      | Reached skill level 1 in Summonings
  2974 | D:3      | Reached skill level 1 in Necromancy
  2974 | D:3      | Reached skill level 1 in Transmutations
  2974 | D:3      | Reached skill level 1 in Fire Magic
  2974 | D:3      | Reached skill level 1 in Ice Magic
  2974 | D:3      | Reached skill level 1 in Air Magic
  2974 | D:3      | Reached skill level 1 in Earth Magic
  2974 | D:3      | Reached skill level 1 in Poison Magic
  3030 | D:3      | Noticed Terence
  3045 | D:3      | Killed Terence
  3046 | D:3      | Reached XP level 5. HP: 43/43 MP: 12/12
  3951 | D:4      | Noticed a phantom
  4239 | D:3      | HP: 2/43 [hound (2)]
  4242 | D:3      | Slain by a hound

Illustrated notes

Levels and vault maps discovered:
D:1:      saegor_arrival_under_anarchy, layout_loops_ring
D:2:      layout_basic, shapermc_ecumenical_altar_acropolis,
          lightli_corner_chamber
D:3:      layout_rooms, minmay_rat_hole, uniq_terence
D:4:      layout_basic, kennysheep_generic_room_2

Skill      XL: |  1  2  3  4  5 |
---------------+----------------+-----
Spellcasting   | 5 |  5.2
Invocations    | 1 |  1.8
Short Blades   | 1 |  1.6
Long Blades    | 1 |  1.6
Axes           | 1 |  1.6
Maces & Flails | 1 |  1.6
Staves         | 1 |  1.6
Slings         | 1 |  1.6
Bows           | 1 |  1.6
Crossbows      | 1 |  1.6
Stealth        | 1 |  1.6
Shields        | 1 |  1.6
Unarmed Combat | 1 |  1.6
Evocations     | 1 |  1.6
Conjurations   | 1 |  1.3
Hexes          | 1 |  1.3
Summonings     | 1 |  1.3
Necromancy     | 1 |  1.3
Transmutations | 1 |  1.3
Fire Magic     | 1 |  1.3
Ice Magic      | 1 |  1.3
Air Magic      | 1 |  1.3
Earth Magic    | 1 |  1.3
Poison Magic   | 1 |  1.3
Throwing       | 3 |  3.0
Armour         | 3 |  3.0
Fighting       | |  4.8
Polearms       | |  4.8
Dodging        | |  4.8
Translocations | |  5.6

Action                   |  1- 3 |  4- 6 || total
-------------------------+-------+-------++-------
Melee: Spear             |   130 |   269 ||   399
       Bite              |    10 |    18 ||    28
       Punch             |     1 |     2 ||     3
Throw: Dart              |       |    10 ||    10
 Cast: Blink             |     1 |     5 ||     6
 Stab: Sleeping          |     3 |     5 ||     8
       Distracted        |       |     1 ||     1
Armor: Leather armour    |    18 |    46 ||    64
Dodge: Dodged            |    66 |   127 ||   193
